 Dungeon Crawl Stone Soup version 0.30.0-10-gfe55d96785 (webtiles) character file.

Game seed: 13261696604815919433

72 hawla the Firebug (level 4, 0/33 HPs)
             Began as a Meteoran Fire Elementalist on May 14, 2023.
             Slain by a hound (5 damage)
             ... on level 4 of the Dungeon.
             The game lasted 00:03:57 (460 turns).

hawla the Firebug (Meteoran Fire Elementalist)       Turns: 460, Time: 00:03:58

Health: 0/33       AC:  2    Str:  9    XL:     4   Next: 77%
Magic:  0/9        EV: 12    Int: 18    God:
Gold:   79         SH:  0    Dex: 15    Spells: 2/9 levels left

rFire   . . .        k - +0 flail (venom)
rCold   . . .        (no shield)
rNeg    . . .        a - +0 robe
rPois   .            (no helmet)
rElec   .            (no cloak)
rCorr   .            (no gloves)
SInv    +            (no boots)
Will    .....        (no amulet)
Stlth   +            h - ring of see invisible
HPRegen 0.25/turn    (no ring)
MPRegen 0.11/turn

%: no passive effects
@: glowing
A: sense surroundings 1, otherworldly, glowing, explore regen
a: no special abilities


You were on level 4 of the Dungeon.
You visited 1 branch of the dungeon, and saw 4 of its levels.

You collected 79 gold pieces.

Inventory:

Hand Weapons
 f - a +0 whip of pain
 k - a +0 flail of venom (weapon)
Armour
 a - a +0 robe (worn)
Jewellery
 h - a ring of see invisible (left hand)
Scrolls
 d - a scroll of poison {unknown}
 i - a scroll of teleportation {unknown}
 j - a scroll of brand weapon {unknown}
Potions
 b - a potion of magic
 c - a potion of curing
 e - a potion of heal wounds


   Skills:
 - Level 2.6 Dodging
 - Level 1.4 Stealth
 - Level 3.2 Spellcasting
 + Level 1.4 Conjurations
 - Level 3.0 Necromancy
 - Level 4.2 Fire Magic


You had 2 spell levels left.
You knew the following spells:

 Your Spells              Type           Power      Damage    Failure   Level
a - Foxfire               Conj/Fire      52%        2x1d6     4%          1
b - Scorch                Fire           36%        2d6       4%          2
c - Flame Wave            Conj/Fire      13%        2d6       45%         4

Your spell library contained the following spells:

 Spells                   Type           Power      Damage    Failure   Level
 Inner Flame              Hex/Fire       10%        N/A       21%         3
 Volatile Blastmotes      Fire/Tloc      20%        2d11      21%         3


Dungeon Overview and Level Annotations

Branches:
Dungeon (4/15) Zot: 1937   Temple (0/1) D:4

Altars:
Trog

Annotations:
D:3 Robin


Innate Abilities, Weirdness & Mutations

You passively map a small area around you.
You are easily found by Zot.
You glow in the dark.
You regain HP and MP as you explore.


Message History

Casting: Scorch (safe; 4% risk of failure)
Confirm with . or Enter, or press ? or * to list all spells.
You conjure some foxfire!
Your foxfire dissipates!
Casting: Foxfire (safe; 4% risk of failure)
Confirm with . or Enter, or press ? or * to list all spells.
You conjure some foxfire!
The foxfire hits the hound but does no damage. x2
The foxfire hits the hound.
The hound is lightly wounded.
The foxfire hits the hound.
The hound is lightly wounded.
The hound bites you.
Casting: Foxfire (safe; 4% risk of failure)
Confirm with . or Enter, or press ? or * to list all spells.
You don't have enough magic to cast this spell.
You hit the hound.
The hound is poisoned.
The hound is moderately wounded.
The hound bites you. The hound barely misses you.
You miss the hound.
The hound is moderately wounded.
The hound bites you. x2
You barely miss the hound.
The hound is moderately wounded.
The hound closely misses you. The hound bites you.
You closely miss the hound.
The hound is heavily wounded.
The hound bites you. x2
* * * LOW HITPOINT WARNING * * *
You closely miss the hound.
The hound is heavily wounded.
The hound bites you.
* * * LOW HITPOINT WARNING * * *
The hound closely misses you.
Casting: Foxfire (safe; 4% risk of failure)
Confirm with . or Enter, or press ? or * to list all spells.
You conjure some foxfire!
The hound bites you.
* * * LOW HITPOINT WARNING * * *
The hound bites you.
You die...

..# ## .### #.# *##*
* #*. ...,. #.###.
.. . #....*#....,
.#. * ,.#... .... ,
, ..#, #..#..##..
### *
#.###.#.#...o.##....
, ,
#).!#.#.#..o.......
,
,#.@v#.#.####.##.###
* ,* *
#h.v#.#.#....##.# ,
,#.###.#.#........#
**
..#...#..#.##.[####
* *
.#..###..#..##.)#
....* ...##.......#
. . ..###........)#
, .. ##......).# * ,
, #.#.....<# ,


You could see a hound (poisoned, ally target).

Vanquished Creatures
  An orc wizard (D:4)
  A gnoll (D:3)
  An adder (D:2)
  5 orcs
  A giant cockroach (D:1)
  A goblin (D:1)
  6 hobgoblins
  3 ball pythons
  A frilled lizard (D:1)
  2 kobolds
  A rat (D:3)
23 creatures vanquished.

Vanquished Creatures (others)
  49 foxfires
49 creatures vanquished.

Grand Total: 72 creatures vanquished

Notes
Turn   | Place    | Note
-------+----------+-------------------------------------------
     0 | D:1      | hawla the Meteoran Fire Elementalist began the quest for
                  | the Orb.
     0 | D:1      | Reached XP level 1. HP: 14/14 MP: 5/5
    95 | D:1      | Reached XP level 2. HP: 15/20 MP: 2/6
   115 | D:1      | Learned a level 2 spell: Scorch
   133 | D:2      | Reached skill level 4 in Fire Magic
   190 | D:2      | Reached skill level 1 in Necromancy
   190 | D:2      | Reached XP level 3. HP: 26/26 MP: 5/8
   191 | D:3      | Noticed Robin
   221 | D:2      | Found a bloodstained altar of Trog.
   420 | D:4      | Reached XP level 4. HP: 28/33 MP: 4/9
   440 | D:4      | Learned a level 4 spell: Flame Wave
   441 | D:4      | Found a staircase to the Ecumenical Temple.
   460 | D:4      | Slain by a hound

Illustrated notes

Levels and vault maps discovered:
D:1:      erik_arrival_cave_to_civilisation [erik_arrival_cave_to_hall],
          layout_rooms
D:2:      layout_basic, basic_altar
D:3:      minmay_wonky_spiral, layout_loops_cross,
          mainiacjoe_overflow_six_doors_small, basic_ecumenical_altar,
          uniq_ijyb, uniq_robin
D:4:      layout_basic, mainiacjoe_overflow_boulevard,
          minmay_temple_entry_steel_oval

Skill      XL: |  1  2  3 |
---------------+----------+-----
Spellcasting   | 3 |  3.2
Fire Magic     | 4 |  4.2
Necromancy     | 1 3 |  3.0
Dodging        | |  2.6
Stealth        | |  1.4
Conjurations   | |  1.4

Action                     |  1- 3 |  4- 6 || total
---------------------------+-------+-------++-------
  Melee: Unarmed           |     4 |       ||     4
         Whip              |    12 |     7 ||    19
         Flail             |       |     5 ||     5
   Cast: Foxfire           |    28 |     5 ||    33
         Scorch            |     7 |     3 ||    10
    Use: Scroll            |     2 |       ||     2
 Armour: Robe              |     2 |     1 ||     3
  Dodge: Dodged            |    15 |     5 ||    20
